Map: Hardwire LE

Players

Topspin

  • Race: Protoss Protoss
  • League: Grandmaster
  • Spawn Location: 1:00

Pumba - Winner!

  • Race: Protoss Protoss
  • League: Master
  • Spawn Location: 7:00

VOD

Have the link to the VOD?

Description

Time

  • Played on: March 29, 2022, 6:23 p.m.
  • Length: 12:56
Show
View Real Time Build Order
Export as new Build Order

Topspin Protoss 

Build Orders: Oracle Opening 

Get SALT Encoding   

  12  0:00  Probe  
  13  0:12  Probe  
  14  0:18  Pylon  
  14  0:24  Probe (Chrono Boost)  
  15  0:36  Probe (Chrono Boost)  
  15  0:39  Gateway  
  16  0:45  Probe (Chrono Boost)  
  16  0:46  Assimilator  
  17  0:51  Probe  
  18  1:03  Probe  
  19  1:04  Assimilator  
  19  1:12  Gateway  
  19  1:15  Probe  
  20  1:26  Cybernetics Core  
  20  1:27  Probe  
  21  1:39  Probe  
  22  1:45  Pylon  
  22  1:51  Probe  
  23  2:02  Adept x2 (Chrono Boost)  
  23  2:05  Probe  
  28  2:14  Pylon  
  28  2:23  Pylon  
  28  2:28  Warp Gate  
  28  2:31  Stargate  
  28  2:43  Stalker  
  30  2:47  Stalker  
  30  2:49  Probe  
  33  3:03  Probe  
  34  3:13  Oracle (Chrono Boost)  
  37  3:23  Nexus  
  37  3:27  Probe  
  38  3:39  Probe  
  39  3:44  Stalker  
  39  3:51  Pylon  
  39  4:04  Stalker  
  39  4:09  Probe  
  40  4:13  Twilight Council  
  40  4:16  Forge  
  40  4:21  Shield Battery, Probe  
  40  4:22  Sentry  
  43  4:34  Probe (Chrono Boost)  
  44  4:38  Probe (Chrono Boost)  
  44  4:43  Stalker  
  48  4:45  Probe (Chrono Boost)  
  48  4:48  Probe (Chrono Boost)  
  48  4:50  Probe (Chrono Boost), Blink (Chrono Boost)  
  50  4:53  Probe (Chrono Boost)  
  50  4:58  Stalker  
  53  5:00  Probe  
  53  5:05  Probe  
  55  5:12  Probe  
  55  5:13  Pylon  
  56  5:17  Probe  
  56  5:20  Protoss Ground Weapons Level 1 (Chrono Boost)  
  57  5:24  Probe  
  58  5:29  Probe  
  58  5:31  Gateway  
  58  5:33  Nexus  
  59  5:36  Probe  
  59  5:41  Probe, Stalker  
  63  5:47  Pylon  
  63  5:48  Probe  
  63  5:49  Stalker  
  66  5:53  Probe  
  67  5:59  Gateway  
  67  6:04  Stalker  
  69  6:06  Probe x2  
  71  6:12  Gateway  
  71  6:15  Stalker  
  73  6:20  Shield Battery  
  73  6:21  Pylon  
  73  6:22  Probe  
  74  6:25  Probe  
  75  6:34  Probe  
  76  6:41  Probe  
  76  6:46  Dark Shrine, Probe  
  75  6:47  Probe  
  75  6:48  Stalker  
  75  6:49  Assimilator, Stalker x2  
  75  6:53  Probe  
  83  6:58  Probe  
  83  6:59  Photon Cannon, Probe  
  85  7:02  Photon Cannon  
  85  7:05  Probe  
  85  7:06  Photon Cannon  
  86  7:10  Probe  
  86  7:12  Probe  
  88  7:16  Stalker  
  88  7:20  Robotics Facility, Probe  
  91  7:23  Stalker  
  91  7:24  Assimilator  
  91  7:25  Probe  
  91  7:27  Assimilator  
  93  7:35  Probe  
  94  7:38  Stalker x2  
  94  7:39  Probe  
  94  7:41  Probe  
  100  7:53  Pylon  
  100  7:55  Pylon  
  100  7:58  Pylon  
  100  8:02  Dark Templar, Pylon  
  100  8:05  Gateway, Probe  
  100  8:10  Assimilator, Pylon  
  100  8:11  Dark Templar, Probe  
  104  8:19  Robotics Bay  
  104  8:21  Probe x2  
  106  8:28  Probe  
  106  8:31  Protoss Ground Weapons Level 2  
  106  8:33  Probe, Pylon  
  108  8:36  Nexus  
  108  8:44  Probe  
  109  8:52  Stalker x5  
  117  8:55  Shield Battery  
  117  8:56  Probe, Photon Cannon  
  117  8:57  Gateway  
  117  8:58  Gateway, Probe  
  117  9:05  Probe  
  117  9:08  Probe  
  119  9:13  Disruptor (Chrono Boost)  
  119  9:14  Photon Cannon, Pylon  
  122  9:21  Dark Templar x2  
  122  9:23  Zealot x3  
  132  9:24  Probe  
  132  9:26  Archon  
  132  9:30  Probe x2  
  135  9:36  Zealot  
  135  9:37  Disruptor (Chrono Boost)  
  140  9:41  Photon Cannon  
  137  9:48  Robotics Facility, Probe  
  137  9:51  Photon Cannon  
  138  9:55  Zealot x3, Photon Cannon  
  144  10:01  Zealot x2  
  144  10:04  Probe  
  144  10:05  Dark Templar  
  144  10:06  Probe  
  104  10:17  Dark Templar  
  104  10:19  Zealot x3  
  104  10:20  Probe  
  95  10:23  Probe  
  87  10:30  Dark Templar  
  87  10:33  Probe (Chrono Boost)  
  85  10:39  Probe (Chrono Boost)  
  85  10:52  Pylon  
  85  10:53  Probe  
  85  10:55  Observer, Probe x2  
  89  11:06  Probe  
  89  11:07  Probe x2  
Show
View Real Time Build Order
Export as new Build Order

Pumba Protoss - Winner!

Build Orders: Phoenix Opening 

Get SALT Encoding   

  12  0:00  Probe  
  13  0:12  Probe  
  14  0:18  Pylon  
  14  0:24  Probe  
  15  0:37  Probe (Chrono Boost)  
  15  0:38  Gateway  
  16  0:46  Probe (Chrono Boost), Assimilator  
  17  0:51  Probe (Chrono Boost)  
  18  0:57  Assimilator  
  18  1:03  Probe (Chrono Boost)  
  19  1:14  Probe (Chrono Boost)  
  19  1:16  Gateway  
  20  1:19  Probe (Chrono Boost)  
  21  1:27  Cybernetics Core  
  21  1:30  Probe  
  22  1:42  Probe, Pylon  
  23  2:00  Probe  
  24  2:04  Warp Gate  
  24  2:05  Sentry  
  26  2:09  Stalker  
  26  2:14  Pylon  
  28  2:18  Probe  
  28  2:20  Pylon  
  29  2:40  Stalker x2  
  33  2:56  Nexus  
  33  3:05  Probe  
  33  3:09  Shield Battery, Phoenix  
  34  3:18  Twilight Council, Probe  
  35  3:30  Shield Battery, Probe  
  36  3:41  Pylon  
  36  3:42  Probe  
  37  3:55  Probe  
  38  4:00  Blink (Chrono Boost)  
  36  4:04  Stalker x2  
  36  4:06  Shield Battery  
  36  4:08  Shield Battery  
  40  4:14  Probe (Chrono Boost)  
  42  4:17  Probe (Chrono Boost)  
  42  4:18  Phoenix  
  43  4:27  Probe x2 (Chrono Boost)  
  43  4:29  Sentry  
  43  4:30  Forge  
  45  4:35  Probe  
  45  4:37  Probe  
  46  4:49  Probe (Chrono Boost)  
  46  4:52  Probe (Chrono Boost)  
  48  4:56  Sentry, Stalker  
  54  5:00  Probe (Chrono Boost)  
  54  5:02  Probe (Chrono Boost)  
  54  5:05  Probe (Chrono Boost)  
  55  5:12  Probe  
  56  5:16  Protoss Ground Weapons Level 1 (Chrono Boost)  
  56  5:17  Nexus, Probe  
  57  5:22  Pylon  
  57  5:24  Probe  
  58  5:35  Stalker x2  
  58  5:40  Probe x2  
  64  5:44  Assimilator  
  64  5:46  Gateway  
  64  5:51  Gateway  
  64  5:52  Probe  
  65  5:57  Gateway  
  65  5:58  Pylon  
  65  6:04  Probe x2  
  65  6:05  Stalker  
  69  6:17  Pylon  
  69  6:19  Probe x2  
  69  6:20  Stalker  
  73  6:30  Probe, Stalker  
  73  6:31  Probe x2  
  78  6:38  Robotics Facility  
  76  6:42  Probe  
  76  6:43  Probe x2  
  79  6:51  Charge  
  79  6:52  Stalker  
  79  6:53  Stalker x2  
  85  6:54  Probe  
  85  6:59  Pylon  
  86  7:02  Probe  
  86  7:04  Protoss Ground Weapons Level 2 (Chrono Boost)  
  86  7:07  Shield Battery, Probe x2, Pylon  
  89  7:14  Probe  
  90  7:19  Probe  
  90  7:20  Nexus  
  91  7:39  Gateway  
  91  7:41  Gateway  
  91  7:42  Probe  
  91  7:43  Gateway, Probe  
  93  7:45  Gateway  
  93  7:47  Gateway  
  93  7:50  Pylon  
  93  7:52  Zealot  
  93  7:53  Zealot x2, Pylon  
  93  7:54  Shield Battery  
  99  8:11  Observer (Chrono Boost)  
  99  8:12  Zealot x3  
  104  8:13  Zealot x2  
  104  8:17  Pylon  
  104  8:19  Probe, Pylon  
  111  8:24  Observer (Chrono Boost)  
  112  8:33  Photon Cannon  
  112  8:35  Photon Cannon  
  112  8:36  Photon Cannon  
  112  8:38  Photon Cannon  
  112  8:43  Stalker x3  
  112  8:44  Stalker  
  113  8:54  Zealot x6  
  120  8:56  Probe  
  120  8:57  Probe x2  
  120  8:58  Probe  
  124  9:13  Archon, Probe x2 (Chrono Boost)  
  126  9:18  Protoss Ground Armor Level 1 (Chrono Boost)  
  126  9:19  Zealot x7  
  140  9:31  Pylon  
  140  9:35  Pylon  
  140  9:47  Zealot  
  140  9:48  Zealot x7  
  140  9:50  Probe x2  
  158  10:06  Pylon  
  136  10:19  Stalker x5  
  136  10:20  Stalker x3, Pylon x2  
  103  10:47  Stalker x10  
  119  11:03  Observer (Chrono Boost)  
  120  11:12  Stalker x9  
  130  11:52  Nexus  
  130  11:55  Probe  
  130  11:56  Probe, Pylon  
  130  12:20  Observer  
  130  12:29  Zealot x10  
Tags
 
Add a new tag
Caveats
  • Supply blocks, unpowered buildings, or Contaminate may cause inaccurate times.
  • Supply counts are checked every 10 seconds.